 Dungeon Crawl Stone Soup version 0.22-a0-3-g4fa69d9a97 (webtiles) character file.

275 Kaname the Conjurer (level 6, 10/41 HPs)
             Began as a Demonspawn Wizard on Jan 1, 2018.
             Quit the game on level 4 of the Dungeon.
             The game lasted 00:10:01 (3007 turns).

Kaname the Conjurer (Demonspawn Wizard)             Turns: 3007, Time: 00:10:01

Health: 10/41      AC:  3    Str:  7    XL:     6   Next: 3%
Magic:  10/10      EV: 12    Int: 21    God:
Gold:   141        SH:  0    Dex: 12    Spells: 2/11 levels left

rFire    . . .     SeeInvis .   u - +0 whip (venom)
rCold    + . .     Gourm    .   (no shield)
rNeg     . . .     Faith    .   a - +0 robe
rPois    .         Spirit   .   q - +0 helmet
rElec    .         Reflect  .   (no cloak)
rCorr    .         Harm     .   (no gloves)
MR       .....                  (no boots)
Stlth    ++........             (no amulet)
HPRegen  0.13/turn              (no ring)
MPRegen  0.12/turn              (no ring)

@: no status effects
A: claws 1, cold resistance 1
a: no special abilities


You were on level 4 of the Dungeon.
You were hungry.

You visited 1 branch of the dungeon, and saw 4 of its levels.

You collected 141 gold pieces.

Inventory:

Hand Weapons
 r - a +0 blowgun
 u - a +0 whip of venom (weapon)
Missiles
 b - 4 needles of confusion
 e - 7 curare-tipped needles
 l - 3 javelins (quivered)
 s - 32 poisoned needles
Armour
 a - a +0 robe (worn)
 q - a +0 helmet (worn)
Scrolls
 h - a scroll of random uselessness {unknown}
 i - 2 scrolls of teleportation
 j - a scroll of amnesia {unknown}
 m - 3 scrolls of remove curse
 n - 2 scrolls of identify
 t - a scroll of fear {unknown}
Potions
 f - a potion of haste {unknown}
 g - a potion of magic {unknown}
 k - a potion of flight {unknown}
 p - a potion of curing {unknown}
Comestibles
 c - a chunk of flesh
 d - 8 rations


   Skills:
 - Level 1.7 Dodging
 - Level 1.7 Stealth
 - Level 3.0 Spellcasting
 + Level 5.1 Conjurations
   Level 1.0 Summonings
 - Level 1.0 Translocations
 - Level 2.0 Fire Magic
 - Level 1.0 Air Magic
 - Level 1.0 Poison Magic


You had 2 spell levels left.
You knew the following spells:

 Your Spells              Type           Power        Failure   Level  Hunger
a - Magic Dart            Conj           ###.         1%          1    None
b - Blink                 Tloc           N/A          13%         2    ##.....
c - Mephitic Cloud        Conj/Pois/Air  ##......     16%         3    ###....
d - Conjure Flame         Conj/Fire      ###.....     9%          3    ###....


Dungeon Overview and Level Annotations

Branches:
Dungeon (4/15)
 Temple: D:4-7

Altars:
Ashenzari
Dithmenos
Fedhas
Gozag
Kikubaaqudgha
Zin

Shops:
D:2 *


Innate Abilities, Weirdness & Mutations

You have sharp fingernails.
Your flesh is cold resistant. (rC+)


Message History

You hit the iguana but do no damage.
The iguana is severely wounded.
The iguana bites you!
* * * LOW HITPOINT WARNING * * *
You kill the iguana!
Your Conjurations skill increases to level 5!
You have reached level 6!
Your experience leads to an increase in your attributes!
Increase (S)trength, (I)ntelligence, or (D)exterity?
You feel clever.
You feel monstrous as your demonic heritage exerts itself.
Your demonic ancestry asserts itself...
Your fingernails lengthen.
Eat a chunk of flesh? (ye/n/q)
Okay, then.
Are you sure you want to abandon this character and quit the game? (Confirm with "yes".)
Okay, then.
Unknown command.
Unknown command.
Are you sure you want to abandon this character and quit the game? (Confirm with "yes".)

#.. #.. .. #. #.. #.. #
#.. .# #..## #..#
#.###..## ####..#
#..#....# # ....!#
#........###
#..#####............
#.@.....#...###.... .#
#...#####..##.##... .?#
#..## ##..#.##)... #.#
#†######.#......... #.#
#.##..#.##.........
#.###.##.......####....
#.....##..#.#.....#....
##.....................
#$.................###


There were no monsters in sight!

Vanquished Creatures
  2 scorpions (D:4)
  An iguana (D:4)
  A worker ant (D:4)
  4 adders
  3 oozes
  A worm (D:3)
  A dart slug (D:4)
  2 leopard geckos (D:3)
  7 orcs
  4 giant cockroaches
  6 hobgoblins
  4 jackals (D:3)
  2 quokkas (D:3)
  A ball python (D:2)
  4 bats
  2 frilled lizards (D:2)
  5 goblins
  10 kobolds
  6 rats
66 creatures vanquished.

Vanquished Creatures (others)
  A human (D:3)
1 creature vanquished.

Grand Total: 67 creatures vanquished

Notes
Turn   | Place    | Note
-------+----------+-------------------------------------------
     0 | D:1      | Kaname the Demonspawn Wizard began the quest for the Orb.
     0 | D:1      | Reached XP level 1. HP: 13/13 MP: 4/4
   237 | D:1      | Reached skill level 2 in Conjurations
   246 | D:1      | Gained mutation: Your flesh is cold resistant. (rC+) [demonic ancestry]
   246 | D:1      | Reached XP level 2. HP: 17/19 MP: 0/6
   250 | D:1      | Learned a level 2 spell: Blink
   583 | D:2      | Found a shattered altar of Ashenzari.
   618 | D:2      | Found an opulent altar of Gozag.
   678 | D:2      | Reached skill level 3 in Conjurations
   678 | D:2      | Reached XP level 3. HP: 24/24 MP: 2/7
   683 | D:2      | Learned a level 3 spell: Mephitic Cloud
   724 | D:2      | Reached skill level 1 in Translocations
   818 | D:2      | Found Zin's Purification Station.
   820 | D:2      | Found a glowing silver altar of Zin.
   886 | D:2      | Found a blossoming altar of Fedhas.
  1067 | D:2      | Reached skill level 1 in Poison Magic
  1720 | D:3      | Reached skill level 1 in Air Magic
  1720 | D:3      | Reached XP level 4. HP: 18/30 MP: 5/8
  1725 | D:3      | Learned a level 3 spell: Conjure Flame
  2191 | D:3      | Found an ancient bone altar of Kikubaaqudgha.
  2192 | D:3      | Noticed a human
  2206 | D:3      | Killed a human
  2330 | D:3      | Reached skill level 4 in Conjurations
  2762 | D:4      | Reached XP level 5. HP: 32/35 MP: 3/9
  2956 | D:4      | Found a shadowy altar of Dithmenos.
  3005 | D:4      | Reached skill level 5 in Conjurations
  3005 | D:4      | Gained mutation: You have sharp fingernails. [demonic ancestry]
  3005 | D:4      | Reached XP level 6. HP: 10/41 MP: 10/10
  3007 | D:4      | Quit the game

Vault maps used:
D:1:      elethiomel_arrival_maze
D:2:      nicolae_ashenzari_panopticon, old_standard_altar, zin_purify,
          fedhas_altar_3
D:3:      first_ration, tgw_kikubaaqudgha
D:4:      grunt_dithmenos_smoke, uniq_edmund

Skill      XL: |  1  2  3  4  5 |
---------------+----------------+-----
Conjurations   | 2 3 4 5 |  5.1
Translocations | 1 |  1.0
Poison Magic   | 1 |  1.0
Air Magic      | 1 |  1.0
Fire Magic     | 2 |  2.0
Dodging        | |  1.7
Stealth        | |  1.7
Spellcasting   | |  3.0
Summonings     | |  1.0

Action                   |  1- 3 |  4- 6 || total
-------------------------+-------+-------++-------
Melee: Short sword       |    11 |       ||    11
       Rapier            |    22 |    56 ||    78
       Whip              |       |     8 ||     8
 Fire: Blowgun           |       |    27 ||    27
 Cast: Magic Dart        |    54 |    68 ||   122
       Conjure Flame     |       |     1 ||     1
  Use: Scroll            |       |     3 ||     3
 Stab: Sleeping          |       |     3 ||     3
  Eat: Chunk             |     2 |     4 ||     6
Armor: Robe              |     7 |    12 ||    19
Dodge: Dodged            |    23 |    49 ||    72

Table legend:
 A = Spawn XP
 B = Non-spawn XP
 C = Spawn XP percentage of total XP
 D = Spawn monster count
 E = Non-spawn monster count
 F = Spawn count percentage of total count
 G = Total turns spent on level
                    A         B        C        D         E        F      G
               +---------+---------+-------+---------+---------+-------+---------
         Total |       0 |     393 |   0.0 |       0 |      66 |   0.0 |  3007
               +---------+---------+-------+---------+---------+-------+---------
           D:1 |       0 |      15 |   0.0 |       0 |       8 |   0.0 |   545
           D:2 |       0 |      53 |   0.0 |       0 |      15 |   0.0 |   877
           D:3 |       0 |     100 |   0.0 |       0 |      35 |   0.0 |  1305
           D:4 |       0 |     225 |   0.0 |       0 |       8 |   0.0 |   280
               +---------+---------+-------+---------+---------+-------+---------
